[Event "Early-Titled-Tuesday-Blitz-March-05-2024"]
[Site "Chess.com"]
[Date "2024.03.05"]
[Round "7"]
[White "FairChess_on_YouTube"]
[Black "Oleksandr_Bortnyk"]
[Result "1/2-1/2"]
[WhiteElo "3106"]
[BlackElo "2978"]
[TimeControl "180+1"]
[EndTime "9:17:17 PST"]
[Termination "Game drawn by repetition"]

1. d4 Nf6 2. c4 b6 3. Nc3 Bb7 4. d5 g6 5. e4 d6 6. Bd3 Bg7 7. Nge2 a5 8. O-O Na6 9. h3 Nc5 10.
Bc2 O-O 11. Be3 e6 12. Qd2 exd5 13. cxd5 Re8 14. Ng3 Ba6 15. Rfe1 Nfd7 16. Bd4 Ne5 17. Rad1 Qh4 18. b3 Bc8 19. Qe2 Ba6 20. Qd2 Bc8 21.
Qe2 Ba6 22. Qd2 1/2-1/2

[Event "Early-Titled-Tuesday-Blitz-March-05-2024"]
[Site "Chess.com"]
[Date "2024.03.05"]
[Round "7"]
[White "Byniolus"]
[Black "bulletteemo"]
[Result "1-0"]
[WhiteElo "2811"]
[BlackElo "2595"]
[TimeControl "180+1"]
[EndTime "9:17:20 PST"]
[Termination "Byniolus won by resignation"]

1. d4 Nf6 2. Nf3 e6 3. Bf4 c5 4. c3 Nc6 5. e3 d5 6. Nbd2 Bd6 7. Bg3 b6 8. Bb5 Bb7 9. Qa4 Qc7 10. Bxd6 Qxd6 11.
Ne5 Rc8 12. Qxa7 Qc7 13. dxc5 bxc5 14. Nxc6 Bxc6 15. Qxc5 Qb7 16. a4 Bxb5 17. Qxb5+ Qxb5 18. axb5 Rb8 19. b3 Ke7 20. c4 Rhd8 21. Ke2 e5 22. Ra7+ Ke6 23. Rha1 Nd7 24. R1a6+ Kf5 25. Rd6 Nc5 26. Rxf7+ 1-0

[Event "Early-Titled-Tuesday-Blitz-March-05-2024"]
[Site "Chess.com"]
[Date "2024.03.05"]
[Round "7"]
[White "Shahdad2007"]
[Black "GianmarcoVaR"]
[Result "0-1"]
[WhiteElo "2565"]
[BlackElo "2759"]
[TimeControl "180+1"]
[EndTime "9:17:25 PST"]
[Termination "GianmarcoVaR won by checkmate"]

1. Nf3 Nf6 2. c4 g6 3. b3 Bg7 4. Bb2 O-O 5. e3 d6 6. Be2 e5 7. d3 Nc6 8. a3 Nh5 9. Qc2 f5 10. Nbd2 f4 11. Ne4 Ne7 12. exf4 Nxf4 13. Bf1 Bg4 14. O-O-O Bxf3 15. gxf3 Nf5 16. Kb1 Qh4 17. Ng3 Ne6 18. Nxf5 Rxf5 19. d4 Nxd4 20. Bxd4 exd4 21. Bd3 Rxf3 22. Rd2 Raf8 23. Rf1 Qxh2 24. Be4 Rc3 25.
Qd1 Qf4 26. Bd5+ Kh8 27. Rd3 Qf5 28. Rh1 Rxd3 29. Qc2 Rxb3+ 30. Kc1 Rc3 31. Qxc3 dxc3 32. f3 Qd3 33. Rh2 Bh6+ 34. Rxh6 Qd2+ 35. Kb1 Qb2# 0-1

[Event "Early-Titled-Tuesday-Blitz-March-05-2024"]
[Site "Chess.com"]
[Date "2024.03.05"]
[Round "7"]
[White "NikitaShnadrygin"]
[Black "Defenstrator"]
[Result "1-0"]
[WhiteElo "2621"]
[BlackElo "2452"]
[TimeControl "180+1"]
[EndTime "9:17:31 PST"]
[Termination "NikitaShnadrygin won by resignation"]

1. e4 e5 2. Nc3 Bc5 3. f4 Bxg1 4. Rxg1 Qh4+ 5. g3 Qxh2 6. Rg2 Qh1 7. d4 exd4 8. Qxd4 Nf6 9. Bd2 Nc6 10. Qf2 d6 11. O-O-O Ng4 12. Qf3 Nh2 13. Qh5 Qxf1 14. Rxf1 Nxf1 15.
Nd5 O-O 16. Bc3 Be6 17. Qg5 f6 18. Nxf6+ Kh8 19. Nh5 1-0

[Event "Early-Titled-Tuesday-Blitz-March-05-2024"]
[Site "Chess.com"]
[Date "2024.03.05"]
[Round "7"]
[White "alvarorodriguezavila"]
[Black "SergioMoralesG"]
[Result "0-1"]
[WhiteElo "2336"]
[BlackElo "2499"]
[TimeControl "180+1"]
[EndTime "9:17:37 PST"]
[Termination "SergioMoralesG won by resignation"]

1. e4 c5 2. d4 cxd4 3. c3 d3 4. Bxd3 Nc6 5. Nf3 g6 6. c4 Bg7 7. O-O d6 8. h3 Nf6 9. Nc3 O-O 10. Be3 Qa5 11. Rc1 h6 12. Qd2 Kh7 13. b3 Qh5 14.
Rfd1 Bxh3 15. gxh3 Qxf3 16. Kh2 Nh5 17. Rh1 Be5+ 18.
Kg1 Nf4 19. Bf1 f5 20. Qd1 fxe4 21. Qc2 Bxc3 22. Qxc3 Rf5 23. h4 Qg4+ 0-1

[Event "Early-Titled-Tuesday-Blitz-March-05-2024"]
[Site "Chess.com"]
[Date "2024.03.05"]
[Round "7"]
[White "Knightmare1014"]
[Black "Barmen_EV"]
[Result "0-1"]
[WhiteElo "2315"]
[BlackElo "2482"]
[TimeControl "180+1"]
[EndTime "9:17:37 PST"]
[Termination "Barmen_EV won by checkmate"]

1. e4 c5 2. Nf3 Nc6 3. d4 cxd4 4. Nxd4 e5 5. Nb5 d6 6. N1c3 a6 7. Na3 Be6 8. Nd5 Nf6 9. Bg5 Qa5+ 10. Bd2 Qd8 11. Nxf6+ Qxf6 12. c3 Be7 13. Nc2 O-O 14. Be2 d5 15. exd5 Bxd5 16. Ne3 Be6 17. O-O Rad8 18.
Qc1 e4 19. Nc2 Qg6 20. Bf4 Bg4 21. Bxg4 Qxg4 22. Bg3 Bg5 23. Ne3 Qe6 24. Qc2 f5 25. Bc7 Rd7 26. Bb6 f4 27. Nd1 f3 28. Ne3 Bxe3 29.
fxe3 Qg4 30. Kh1 Ne5 31. Bd4 Nd3 32. gxf3 exf3 33. Rg1 Qe4 34. Rad1 f2+ 35. Rg2 f1=Q+ 36. Rxf1 Rxf1# 0-1

[Event "Early-Titled-Tuesday-Blitz-March-05-2024"]
[Site "Chess.com"]
[Date "2024.03.05"]
[Round "7"]
[White "giomar27"]
[Black "Casper"]
[Result "1-0"]
[WhiteElo "2415"]
[BlackElo "2513"]
[TimeControl "180+1"]
[EndTime "9:17:38 PST"]
[Termination "giomar27 won by checkmate"]

1. Nc3 Nc6 2. d4 e5 3. dxe5 Nxe5 4. e4 Bb4 5. f4 Bxc3+ 6. bxc3 Nc6 7. Nf3 d6 8. Bc4 Nf6 9. O-O O-O 10. Re1 Be6 11.
Bd3 h6 12. Nd4 Bg4 13. Qd2 Re8 14. h3 Bd7 15. Qf2 Ne7 16. Be3 c5 17. Nf3 b6 18. e5 dxe5 19. fxe5 Nfd5 20. Bd2 Be6 21. Qg3 Nf5 22. Qh2 Nh4 23. Qg3 Nf5 24. Qh2 Nh4 25. Qg3 Nxf3+ 26. gxf3 Ne7 27. Bxh6 g6 28.
Bg5 Qd5 29. Bf6 Kf8 30. Be4 Qc4 31. Qh4 Ng8 32. Qh8 Reb8 33. Qg7+ Ke8 34. Bc6+ Bd7 35. Qxg8# 1-0

[Event "Early-Titled-Tuesday-Blitz-March-05-2024"]
[Site "Chess.com"]
[Date "2024.03.05"]
[Round "7"]
[White "chupitroko32"]
[Black "Herman-NY"]
[Result "0-1"]
[WhiteElo "2388"]
[BlackElo "2529"]
[TimeControl "180+1"]
[EndTime "9:17:38 PST"]
[Termination "Herman-NY won by resignation"]

1. e4 e5 2. d4 exd4 3. Qxd4 Nc6 4. Qe3 Bb4+ 5. Nc3 Nf6 6. Bd2 O-O 7. O-O-O Re8 8. Qg3 d6 9. f3 Be6 10. h4 h5 11. Nh3 Ne5 12. Ng5 c6 13. Bf4 Bxc3 14.
bxc3 Qa5 15. Nxe6 Rxe6 16. Kb2 Nfd7 17. Rd4 c5 18. Rd5 Nb6 19. Bxe5 dxe5 20. Rxe5 Na4+ 21. Kc1 Qxc3 22. Rxe6 fxe6 23. e5 Rd8 24. Bd3 Rxd3 0-1

[Event "Early-Titled-Tuesday-Blitz-March-05-2024"]
[Site "Chess.com"]
[Date "2024.03.05"]
[Round "7"]
[White "abc_xyz4744"]
[Black "MANOJ_MISHRA123"]
[Result "1-0"]
[WhiteElo "2434"]
[BlackElo "2265"]
[TimeControl "180+1"]
[EndTime "9:17:40 PST"]
[Termination "abc_xyz4744 won by resignation"]

1. e4 d6 2. d4 Nf6 3. Nc3 e5 4. dxe5 dxe5 5. Qxd8+ Kxd8 6. Bc4 Bb4 7. Bg5 Ke7 8. O-O-O Bxc3 9. bxc3 Be6 10. Bxe6 Kxe6 11. Bxf6 Kxf6 12. Nf3 Ke6 13. Rd5 f6 14. Rhd1 Ke7 15. Nh4 g6 16. g3 c6 17. R5d3 b5 18. f4 Na6 19. Rd7+ Ke8 20. Nf3 Nc5 21. Rc7 Nxe4 22.
fxe5 Nxc3 23. Rdd7 Nd5 24. Rb7 Rd8 25. Rxd8+ 1-0

[Event "Early-Titled-Tuesday-Blitz-March-05-2024"]
[Site "Chess.com"]
[Date "2024.03.05"]
[Round "7"]
[White "ilqar_74"]
[Black "Juwen"]
[Result "0-1"]
[WhiteElo "2829"]
[BlackElo "2660"]
[TimeControl "180+1"]
[EndTime "9:17:41 PST"]
[Termination "Juwen won by resignation"]

1. e4 c5 2. Nf3 e6 3. c3 Nf6 4.
e5 Nd5 5. d4 cxd4 6. cxd4 d6 7.
exd6 Bxd6 8. Nc3 O-O 9. Bd3 Nc6 10. O-O Nf6 11. h3 b6 12. Bg5 Bb7 13. d5 Nb4 14.
dxe6 Nxd3 15. Bxf6 gxf6 16. e7 Bxe7 17. Nh4 f5 18.
Nxf5 Bf6 19. Qa4 Nxb2 20. Qb3 Rc8 21. Ne2 Qd5 22. Qg3+ Kh8 23. Ne3 Qe4 24. Qd6 Be5 25. Qd7 Rg8 0-1

[Event "Early-Titled-Tuesday-Blitz-March-05-2024"]
[Site "Chess.com"]
[Date "2024.03.05"]
[Round "7"]
[White "Masterbeaterr"]
[Black "BeautiFullMindChess"]
[Result "1-0"]
[WhiteElo "2442"]
[BlackElo "2297"]
[TimeControl "180+1"]
[EndTime "9:17:43 PST"]
[Termination "Masterbeaterr won by checkmate"]

1. d4 f5 2. g3 Nf6 3. Bg2 g6 4. Nh3 Bg7 5. Nc3 O-O 6. O-O d6 7. d5 c6 8. Nf4 g5 9. Ne6 Bxe6 10.
dxe6 h6 11. e4 fxe4 12. Nxe4 Na6 13. f4 Nxe4 14. Bxe4 Qb6+ 15. Kh1 d5 16. Bg6 gxf4 17. Bxf4 Qxb2 18. Qh5 Rxf4 19. gxf4 Qf6 20. Bf7+ Kh8 21.
Rab1 Nc5 22. Rg1 Ne4 23. Rbf1 Rf8 24. Rg6 Qd4 25. Rxh6+ Bxh6 26. Qxh6# 1-0

[Event "Early-Titled-Tuesday-Blitz-March-05-2024"]
[Site "Chess.com"]
[Date "2024.03.05"]
[Round "7"]
[White "tusplingher"]
[Black "javirec"]
[Result "1-0"]
[WhiteElo "2439"]
[BlackElo "2262"]
[TimeControl "180+1"]
[EndTime "9:17:45 PST"]
[Termination "tusplingher won by checkmate"]

1. Nf3 Nf6 2. c4 d6 3. g3 g6 4. d4 Bg7 5. Nc3 Bf5 6. Bg2 Ne4 7. Nh4 Nxc3 8. bxc3 Bc8 9. O-O O-O 10. Rb1 Nc6 11. Nf3 e5 12. Ba3 Re8 13. dxe5 dxe5 14. Qxd8 Rxd8 15. Ng5 Bf5 16. Rxb7 Na5 17. Rb5 Nxc4 18.
Bxa8 Nxa3 19. Rb3 Nc4 20. Bd5 Rxd5 21. Rb8+ Bf8 22. e4 Ra5 23. exf5 Rxa2 24. f6 Nd6 25. Rd1 a5 26. Ne4 a4 27. Nc5 a3 28.
Nd7 h5 29. Nxf8 Rc2 30. Ne6+ Kh7 31. Ng5+ Kh6 32. h4 a2 33. Rh8# 1-0

[Event "Early-Titled-Tuesday-Blitz-March-05-2024"]
[Site "Chess.com"]
[Date "2024.03.05"]
[Round "7"]
[White "arnash_bauyrzhan"]
[Black "The_Straightforward_Rook"]
[Result "0-1"]
[WhiteElo "2317"]
[BlackElo "2469"]
[TimeControl "180+1"]
[EndTime "9:17:48 PST"]
[Termination "The_Straightforward_Rook won by resignation"]

1. e4 e5 2. Nf3 Nc6 3. d4 exd4 4. Bc4 Bc5 5. c3 Nf6 6. e5 d5 7.
Bb5 Ne4 8. cxd4 Bb6 9. Nc3 Bd7 10. Nxd5 Ba5+ 11. Bd2 Nxd2 12. Nxd2 Nxd4 13. Bxd7+ Qxd7 14. Nc3 O-O-O 15. O-O Qf5 16. Qb1 Bxc3 17. bxc3 Qxb1 18.
Nxb1 Nc2 0-1

[Event "Early-Titled-Tuesday-Blitz-March-05-2024"]
[Site "Chess.com"]
[Date "2024.03.05"]
[Round "7"]
[White "fandebobbyfischer"]
[Black "Christian_Jordan"]
[Result "1-0"]
[WhiteElo "2705"]
[BlackElo "2096"]
[TimeControl "180+1"]
[EndTime "9:17:52 PST"]
[Termination "fandebobbyfischer won by resignation"]

1. e4 e6 2. d4 d5 3. Nd2 Be7 4. Ngf3 Nf6 5. Bd3 c5 6. exd5 Qxd5 7. Bc4 Qd8 8. O-O cxd4 9. Nb3 Nc6 10. Nbxd4 Nxd4 11. Nxd4 a6 12. Be3 Qc7 13. Bb3 Bd6 14. h3 Bd7 15. Qf3 O-O-O 16. a4 Kb8 17. a5 e5 18.
Rfd1 exd4 19. Bxd4 Bc5 20. Bc3 Bc6 21. Qf5 Ka7 22.
Qxc5+ 1-0

[Event "Early-Titled-Tuesday-Blitz-March-05-2024"]
[Site "Chess.com"]
[Date "2024.03.05"]
[Round "7"]
[White "amanjazu"]
[Black "Shivananda1964"]
[Result "1-0"]
[WhiteElo "2538"]
[BlackElo "2349"]
[TimeControl "180+1"]
[EndTime "9:17:54 PST"]
[Termination "amanjazu won on time"]

1. g3 d5 2. Bg2 e5 3. d4 exd4 4. Qxd4 Nf6 5. Bg5 Be7 6. e3 O-O 7. Ne2 c5 8. Qd2 Be6 9. Nbc3 Nbd7 10. Nf4 d4 11. exd4 cxd4 12. Qxd4 Bc5 13. Qd2 h6 14.
Nxe6 Re8 15. O-O-O Rxe6 16. Bxf6 Qxf6 17. Qxd7 Rb6 18. f4 Rxb2 19. Kxb2 Ba3+ 20. Kb3 Qa6 21.
Qxb7 Qa5 22. Qxa8+ 1-0

[Event "Early-Titled-Tuesday-Blitz-March-05-2024"]
[Site "Chess.com"]
[Date "2024.03.05"]
[Round "7"]
[White "lluiss"]
[Black "effefe"]
[Result "0-1"]
[WhiteElo "2168"]
[BlackElo "2407"]
[TimeControl "180+1"]
[EndTime "9:18:06 PST"]
[Termination "effefe won by resignation"]

1. Nf3 Nf6 2. d4 g6 3. g3 Bg7 4. Bg2 O-O 5. O-O d6 6. c4 Nc6 7. Nc3 Bf5 8. Nh4 Bd7 9. h3 e5 10. d5 Ne7 11. e4 Ne8 12. Nf3 h6 13. Be3 f5 14. Qd2 Kh7 15. Ne1 f4 16. gxf4 exf4 17.
Bxf4 g5 18. Bg3 Ng6 19. Nd3 Nf6 20. e5 Nh5 21. e6 Be8 22. Be4 Kh8 23. Qe2 Ngf4 24.
Nxf4 Nxf4 25. Bxf4 Rxf4 26. Qe3 Be5 27. Ne2 Rh4 28.
f4 gxf4 29. Nxf4 Bxf4 30. Qxf4 Rxf4 31. Rxf4 Qg5+ 32. Rg4 Qe3+ 33. Kh2 Bh5 0-1

[Event "Early-Titled-Tuesday-Blitz-March-05-2024"]
[Site "Chess.com"]
[Date "2024.03.05"]
[Round "7"]
[White "IM_ArthurDW08"]
[Black "rdarruda"]
[Result "1-0"]
[WhiteElo "2774"]
[BlackElo "2514"]
[TimeControl "180+1"]
[EndTime "9:18:09 PST"]
[Termination "IM_ArthurDW08 won by resignation"]

1. e4 c5 2. Nf3 Nc6 3. d4 cxd4 4. Nxd4 e5 5. Nb5 a6 6. Nd6+ Bxd6 7. Qxd6 Qe7 8. Qd1 Nf6 9. Nc3 d6 10. Bg5 Be6 11. Nd5 Bxd5 12. exd5 Nb8 13. Be2 Nbd7 14. c4 h6 15. Be3 O-O 16. O-O Ne8 17. b4 b6 18. f3 f5 19. a4 a5 20. Qb3 axb4 21.
Qxb4 Qd8 22. Rfb1 Qe7 23. Bxb6 Nxb6 24. Qxb6 Nc7 25. c5 Rfd8 26. Qc6 dxc5 27. Rb7 Rac8 28.
Bc4 Qd6 29. Rb6 Qxc6 30. Rxc6 Kf8 31. d6 Na8 32. Rxc8 Rxc8 33. Rb1 Rd8 34. Rb7 1-0

[Event "Early-Titled-Tuesday-Blitz-March-05-2024"]
[Site "Chess.com"]
[Date "2024.03.05"]
[Round "7"]
[White "VinzentSpitzl"]
[Black "TheAlienParty"]
[Result "1-0"]
[WhiteElo "2529"]
[BlackElo "2389"]
[TimeControl "180+1"]
[EndTime "9:18:10 PST"]
[Termination "VinzentSpitzl won by checkmate"]

1. e4 e5 2. Nf3 Nc6 3. Bb5 a6 4. Ba4 d6 5. c3 Bd7 6. d4 exd4 7. cxd4 Nf6 8. O-O Nxe4 9. Re1 d5 10. Nc3 Bb4 11. Nxd5 Bxe1 12. Qxe1 f5 13. Bg5 Qc8 14. Bxc6 bxc6 15. Qb4 c5 16. dxc5 c6 17. Nb6 Qb7 18. Qd4 Be6 19. Nxa8 Nxg5 20. Nxg5 Bd5 21.
Qe5+ Kf8 22. Re1 Qxa8 23. Qe7+ Kg8 24. Qe8+ Qxe8 25. Rxe8# 1-0

[Event "Early-Titled-Tuesday-Blitz-March-05-2024"]
[Site "Chess.com"]
[Date "2024.03.05"]
[Round "7"]
[White "Mikasinski"]
[Black "secrethawk1"]
[Result "1-0"]
[WhiteElo "2616"]
[BlackElo "2486"]
[TimeControl "180+1"]
[EndTime "9:18:18 PST"]
[Termination "Mikasinski won by checkmate"]

1. e4 c6 2. d4 d5 3. e5 Bf5 4. h4 h5 5. Bd3 Bxd3 6. Qxd3 e6 7. Bg5 Be7 8. Nf3 Nh6 9. Bxh6 Rxh6 10. Nbd2 c5 11. c4 Nc6 12. cxd5 Qxd5 13. O-O cxd4 14. Rfe1 Rg6 15. a3 Rd8 16. Rac1 Kf8 17. Re4 Rg4 18.
b4 Rxe4 19. Qxe4 Qa2 20. b5 Qxa3 21. Rc4 Na5 22. Rc7 Kg8 23. Ng5 Bxg5 24. hxg5 g6 25. Qf4 Qf8 26. Ne4 d3 27. Nd6 d2 28. Qxd2 Qg7 29. Qf4 Rf8 30. Ne4 b6 31. Nf6+ Kh8 32.
Qd4 Nb3 33. Qd6 Nc5 34. Rxa7 Rc8 35. Rc7 Qf8 36. Qxb6 Rd8 37. Qxc5 Rd1+ 38. Kh2 Rd8 39. Qxf8+ Rxf8 40. b6 h4 41. b7 h3 42. Rc8 Kg7 43. Rxf8 hxg2 44. Rg8# 1-0

[Event "Early-Titled-Tuesday-Blitz-March-05-2024"]
[Site "Chess.com"]
[Date "2024.03.05"]
[Round "7"]
[White "SpeedofLight0"]
[Black "ChessLebaneseSalah"]
[Result "1-0"]
[WhiteElo "3064"]
[BlackElo "2577"]
[TimeControl "180+1"]
[EndTime "9:18:20 PST"]
[Termination "SpeedofLight0 won by checkmate"]

1. d4 d5 2. Nc3 Nf6 3. Bf4 e6 4. e3 a6 5. Bd3 c5 6. Nf3 Nc6 7.
O-O cxd4 8. exd4 Bd6 9. Bg5 O-O 10. Ne2 h6 11. Bh4 g5 12. Bg3 Kg7 13. c3 b5 14. Ne5 Bb7 15. f4 Ne4 16. Qc1 f5 17.
Qe3 Bxe5 18. dxe5 Qe7 19. Rad1 Rad8 20. Be1 Na5 21. Nd4 Nc4 22. Qe2 Nc5 23. Bb1 g4 24.
b3 Na3 25. c4 dxc4 26. Bb4 Nxb1 27. Qe3 Rc8 28. Rxb1 Kf7 29. bxc4 Be4 30. Rbc1 Rfd8 31. cxb5 axb5 32. Nxb5 Qb7 33. Rxc5 Rxc5 34. Qxc5 Bxg2 35. Nd6+ Rxd6 36. Qxd6 Bxf1 37. Qf8+ Kg6 38. Qg8+ Kh5 39. Qe8+ Kh4 40. Be7+ Kh3 41. Qh5# 1-0

[Event "Early-Titled-Tuesday-Blitz-March-05-2024"]
[Site "Chess.com"]
[Date "2024.03.05"]
[Round "7"]
[White "sergeikim"]
[Black "Ducke13"]
[Result "0-1"]
[WhiteElo "2567"]
[BlackElo "2365"]
[TimeControl "180+1"]
[EndTime "9:18:20 PST"]
[Termination "Ducke13 won by resignation"]

1. d4 Nf6 2. c4 g6 3. Nc3 d5 4. cxd5 Nxd5 5. e4 Nxc3 6. bxc3 Bg7 7. Bc4 c5 8. Ne2 O-O 9. O-O Nc6 10. Be3 Na5 11. Bd3 b6 12. Qd2 e5 13. Bh6 cxd4 14.
cxd4 exd4 15. Bxg7 Kxg7 16. f4 f6 17. f5 Rf7 18.
Nf4 Qd6 19. fxg6 hxg6 20. Nxg6 Bb7 21. Nh4 Qf8 22. Nf5+ Kh8 23. Rf4 Rh7 24. Raf1 Re8 25. Ng3 Qh6 26. h3 Rg8 27. R1f3 Nc6 28. Nf5 Qf8 29.
Qf2 Ne5 30. Rg3 Nxd3 31. Rxd3 Qc8 32. Qxd4 Qc1+ 33. Rf1 Qg5 34. Rg3 Qh6 35. Qxf6+ Qxf6 0-1

[Event "Early-Titled-Tuesday-Blitz-March-05-2024"]
[Site "Chess.com"]
[Date "2024.03.05"]
[Round "7"]
[White "Eagle_2019"]
[Black "Sina_Movahed"]
[Result "0-1"]
[WhiteElo "2873"]
[BlackElo "3048"]
[TimeControl "180+1"]
[EndTime "9:18:21 PST"]
[Termination "Sina_Movahed won by resignation"]

1. d4 Nf6 2. c4 g6 3. g3 Bg7 4.
Bg2 O-O 5. Nc3 d6 6. Nf3 Nbd7 7.
O-O e5 8. e4 exd4 9. Nxd4 Nc5 10. h3 Re8 11. Re1 h6 12. Bf4 Nfd7 13. Qd2 Ne5 14.
Bf1 Ne6 15. Nxe6 Bxe6 16. Kg2 Qd7 17. Bxe5 Bxh3+ 18. Kg1 Rxe5 19. f4 Ree8 20. Bxh3 Qxh3 21. Qg2 Qg4 22. Nd5 Rac8 23. Rad1 c6 24. Ne3 Qe6 25. Nc2 Qxc4 26. b3 Qc5+ 27. Qf2 Qa5 28. Rxd6 Qxa2 29. e5 Qxb3 30. Rd7 Rcd8 31. e6 fxe6 32. Rxd8 Rxd8 33. Kh1 Qd5+ 34. Kh2 a5 35. Ne3 Qd3 36. Ng4 Rd6 37.
Ne5 Qc3 38. Nxg6 Rd2 39. Re2 Rxe2 40. Qxe2 Qb2 41. Qxb2 Bxb2 42. f5 exf5 0-1

[Event "Early-Titled-Tuesday-Blitz-March-05-2024"]
[Site "Chess.com"]
[Date "2024.03.05"]
[Round "7"]
[White "publicaccountcze"]
[Black "ricaurtelopezj1955"]
[Result "1-0"]
[WhiteElo "2205"]
[BlackElo "2147"]
[TimeControl "180+1"]
[EndTime "9:18:27 PST"]
[Termination "publicaccountcze won on time"]

1. e4 e5 2. Nf3 d5 3. Nxe5 Bd6 4. d4 dxe4 5. Nc3 Nf6 6. Bc4 O-O 7. O-O Qe7 8. f4 exf3 9. Nxf3 h6 10. Re1 Qd8 11.
Be3 Nc6 12. Qd2 Bg4 13. Rf1 Bxf3 14. Rxf3 Qe7 15. Re1 Rae8 16. Ref1 Ng4 17. Bf4 Bxf4 18. Qxf4 Ne3 19. Bxf7+ Kh8 20. Rxe3 1-0

[Event "Early-Titled-Tuesday-Blitz-March-05-2024"]
[Site "Chess.com"]
[Date "2024.03.05"]
[Round "7"]
[White "Seochesspie"]
[Black "KononenkoD"]
[Result "1-0"]
[WhiteElo "2818"]
[BlackElo "2609"]
[TimeControl "180+1"]
[EndTime "9:18:29 PST"]
[Termination "Seochesspie won on time"]

1. c4 c5 2. Nf3 g6 3. e3 Nf6 4. b3 Bg7 5. Bb2 O-O 6. Be2 b6 7.
O-O Bb7 8. Nc3 d6 9. d4 cxd4 10. Nxd4 Nc6 11. Bf3 Qd7 12. Nxc6 Bxc6 13. Bxc6 Qxc6 14.
Rc1 Rac8 15. Qe2 Qb7 16. Rfd1 Rc5 17. e4 a5 18. a4 Re8 19. f3 Nd7 20. Nd5 Bxb2 21. Qxb2 e6 22. Nc3 Qc6 23. Qd2 Qb7 24.
Nb5 Rd8 25. Qxd6 Rcc8 26. Qe7 Nc5 27. Rxd8+ Rxd8 28. Qxd8+ Kg7 29. Qd4+ Kh6 30. Qe3+ Kg7 31. Rd1 Qe7 32. e5 Qh4 33. g3 Qh3 34. Nd6 1-0

[Event "Early-Titled-Tuesday-Blitz-March-05-2024"]
[Site "Chess.com"]
[Date "2024.03.05"]
[Round "7"]
[White "LeoLV10"]
[Black "TheCavemanChess"]
[Result "0-1"]
[WhiteElo "2489"]
[BlackElo "2716"]
[TimeControl "180+1"]
[EndTime "9:18:31 PST"]
[Termination "TheCavemanChess won by checkmate"]

1. e4 c5 2. Nf3 e6 3. d4 cxd4 4.
Nxd4 Nf6 5. Nc3 Nc6 6. Nxc6 bxc6 7. e5 Nd5 8. Ne4 Qc7 9. f4 Qb6 10. c4 Bb4+ 11. Ke2 f5 12. Ng3 g5 13. fxg5 Ne7 14. Kf3 Ng6 15. Nh5 Nxe5+ 16. Kg3 Ng6 17. Be2 d5 18.
cxd5 Bd6+ 19. Bf4 Nxf4 20. Nxf4 Qe3+ 21. Bf3 Qxf4+ 22. Kf2 Bc5+ 23. Ke1 cxd5 24. Bh5+ Ke7 25. Qc2 Bb4+ 26. Kd1 Ba6 27. Be2 Qd4+ 28. Kc1 Rac8 29. Bxa6 Qd2+ 30. Kb1 Qxc2# 0-1

[Event "Early-Titled-Tuesday-Blitz-March-05-2024"]
[Site "Chess.com"]
[Date "2024.03.05"]
[Round "7"]
[White "jamengrand"]
[Black "Dinosaurio_1975"]
[Result "0-1"]
[WhiteElo "2456"]
[BlackElo "2591"]
[TimeControl "180+1"]
[EndTime "9:18:33 PST"]
[Termination "Dinosaurio_1975 won by resignation"]

1. e4 c6 2. Nf3 d5 3. exd5 cxd5 4.
Ne5 e6 5. d4 Bd6 6. c3 Nc6 7. f4 Nge7 8. Bd3 O-O 9. O-O f6 10.
Nf3 Qc7 11. Nh4 g6 12. Na3 a6 13. Nc2 Bd7 14. Ne3 e5 15. Ng4 exf4 16. g3 f5 17. Nh6+ Kg7 18. Bxf4 Bxf4 19. Rxf4 Kxh6 20. Qd2 Kg7 21.
Raf1 Rae8 22. g4 fxg4 23. Rxf8 Rxf8 24. Rxf8 Kxf8 25. Qh6+ Kg8 26. Qxg6+ hxg6 0-1

[Event "Early-Titled-Tuesday-Blitz-March-05-2024"]
[Site "Chess.com"]
[Date "2024.03.05"]
[Round "7"]
[White "Der_Balak_3Halak"]
[Black "HanSchut"]
[Result "1-0"]
[WhiteElo "2457"]
[BlackElo "2305"]
[TimeControl "180+1"]
[EndTime "9:18:33 PST"]
[Termination "Der_Balak_3Halak won by resignation"]

1. Nf3 Nf6 2. g3 g6 3. Bg2 Bg7 4. O-O O-O 5. d3 d5 6. Re1 c5 7. Bf4 Nc6 8. Ne5 Nh5 9. Nxc6 bxc6 10. Bc1 e5 11. e4 f5 12. exd5 cxd5 13. c4 Be6 14.
Nc3 d4 15. Bxa8 Qxa8 16. Nd5 Bxd5 17. cxd5 Rb8 18. b3 Qxd5 19. Ba3 e4 20. Rc1 Rc8 21.
Qc2 Nf6 22. Qc4 Qxc4 23. Rxc4 exd3 24. Rd1 Ne4 25. Rxd3 Bf8 26. Rdxd4 Re8 27. Rd1 f4 28. Bb2 fxg3 29. hxg3 Nd6 30. Rxc5 Nf5 31. Rc7 a5 32. Bc3 Bd6 33. Ra7 Bc5 34. Rxa5 Bb6 35. Rb5 Rb8 36.
a4 Nxg3 37. Kg2 Nf5 38. a5 Bc7 39. Rxb8+ Bxb8 40. Rd8+ 1-0

[Event "Early-Titled-Tuesday-Blitz-March-05-2024"]
[Site "Chess.com"]
[Date "2024.03.05"]
[Round "7"]
[White "carlocapau"]
[Black "Orest_Vovk"]
[Result "1-0"]
[WhiteElo "2457"]
[BlackElo "2544"]
[TimeControl "180+1"]
[EndTime "9:18:35 PST"]
[Termination "carlocapau won on time"]

1. d4 h6 2. e4 g5 3. Bc4 Bg7 4. c3 c6 5. Ne2 d6 6. O-O Nf6 7. f4 Bg4 8. e5 dxe5 9. fxe5 Nd5 10. h3 Be6 11. Qd3 Nd7 12. Ng3 Qb6 13. Kh1 O-O-O 14.
a4 Nf4 15. Bxf4 gxf4 16. Bxe6 fxe6 17. Nh5 Bf8 18. Qe2 c5 19. Nxf4 cxd4 20. cxd4 h5 21. Nc3 Bh6 22. a5 Qxd4 23. Nxe6 Qxe5 24. Qc4+ Kb8 25.
Nxd8 Rxd8 26. Rad1 e6 27. Rfe1 Qg3 28. Qxe6 Bf4 29. Kg1 Qh2+ 30. Kf1 Bg3 31. Ne2 1-0

[Event "Early-Titled-Tuesday-Blitz-March-05-2024"]
[Site "Chess.com"]
[Date "2024.03.05"]
[Round "7"]
[White "LileKoridze"]
[Black "Juicy_Fork"]
[Result "1-0"]
[WhiteElo "2443"]
[BlackElo "2519"]
[TimeControl "180+1"]
[EndTime "9:18:35 PST"]
[Termination "LileKoridze won by checkmate"]

1. d4 Nf6 2. c4 e6 3. Nf3 d5 4. g3 Bb4+ 5. Bd2 Be7 6. Bg2 O-O 7. O-O b6 8. Qc2 Bb7 9. b3 Nbd7 10. Nc3 c5 11. dxc5 bxc5 12. cxd5 exd5 13. Rfd1 Rc8 14. Rac1 d4 15. Na4 Be4 16. Qb2 Nb6 17. Nxb6 Qxb6 18.
Ne5 Rfd8 19. Nc4 Qb7 20. Bxe4 Qxe4 21. Ba5 Re8 22. e3 Ng4 23. exd4 Qf5 24. d5 Bf6 25. Bc3 Qh5 26. f3 Bxc3 27. Rxc3 Nf6 28. Nd6 Nxd5 29. Rcd3 Nb4 30. R3d2 h6 31. Nxc8 Rxc8 32. Qb1 g6 33. Rd8+ Rxd8 34. Rxd8+ Kh7 35. Qb2 g5 36. Qh8+ Kg6 37.
Rd6+ Kf5 38. Qf6# 1-0

[Event "Early-Titled-Tuesday-Blitz-March-05-2024"]
[Site "Chess.com"]
[Date "2024.03.05"]
[Round "7"]
[White "Arystanner"]
[Black "Brave_spirit12"]
[Result "1/2-1/2"]
[WhiteElo "2892"]
[BlackElo "2735"]
[TimeControl "180+1"]
[EndTime "9:18:37 PST"]
[Termination "Game drawn by repetition"]

1. d4 Nf6 2. c4 g6 3. Nc3 Bg7 4. e4 d6 5. Be2 O-O 6. Be3 Nbd7 7. h4 c5 8. d5 h5 9. Nh3 a6 10. Ng5 b5 11. cxb5 axb5 12. Bxb5 Ba6 13. Bxa6 Rxa6 14. f3 Qa8 15. O-O Rb8 16. Qe2 Rab6 17. b3 Ne8 18. Rac1 Ra6 19. Na4 Nb6 20. Nxb6 Rbxb6 21. Rc2 Nc7 22.
f4 f6 23. Nh3 f5 24. exf5 Nxd5 25. Bf2 gxf5 26. Qxh5 Nf6 27. Qxf5 Qe4 28. Qc8+ Bf8 29. Rc3 Ra8 30. Rg3+ Kh8 31. Ng5 Rxc8 32. Nf7+ Kh7 33. Ng5+ Kh8 34. Nf7+ Kh7 35. Ng5+ Kh6 36. Nf7+ Kh7 1/2-1/2